 Dungeon Crawl Stone Soup version 0.24-a0-264-gf46a388 (webtiles) character file.

Game seed: 12602744944919209263

438 mopl the Bolt Thrower (level 7, -2/56 HPs)
             Began as a Formicid Hunter on Apr 19, 2019.
             Slain by an ice beast (14 damage)
             ... on level 6 of the Dungeon.
             The game lasted 00:07:10 (3550 turns).

mopl the Bolt Thrower (Formicid Hunter)             Turns: 3550, Time: 00:07:11

Health: -2/56      AC:  6    Str: 18    XL:     7   Next: 21%
Magic:  7/7        EV: 11    Int: 10    God:
Gold:   153        SH:  0    Dex: 12    Spells: 6/6 levels left

rFire    . . .     SeeInvis +   a - +1 hand crossbow
rCold    . . .     Gourm    .   (no shield)
rNeg     . . .     Faith    .   e - +0 ring mail
rPois    .         Spirit   .   (helmet unavailable)
rElec    .         Reflect  .   (no cloak)
rCorr    .         Harm     .   c - +0 pair of gloves
MR       .....                  (no boots)
Stlth    +.........             i - amulet of the acrobat
HPRegen  0.18/turn              (no ring)
MPRegen  0.10/turn              (no ring)

@: no status effects
A: permanent stasis, dig shafts and tunnels, four strong arms, antennae 3
a: Dig, Shaft Self


You were on level 6 of the Dungeon.
You were very hungry.

You visited 1 branch of the dungeon, and saw 4 of its levels.

You collected 153 gold pieces.

Inventory:

Hand Weapons
 a - a +1 hand crossbow (weapon)
 b - a +0 short sword
 s - a +0 arbalest
Missiles
 d - 2 bolts (quivered)
 k - 6 tomahawks of returning
 n - 18 poisoned needles
Armour
 c - a +0 pair of gloves (worn)
 e - a +0 ring mail (worn)
Jewellery
 i - an amulet of the acrobat (around neck)
 p - an uncursed ring of wizardry
Wands
 o - a wand of clouds (4)
Scrolls
 q - 3 scrolls of blinking {unknown}
 r - a scroll of random uselessness {unknown}
 t - a scroll of remove curse
Potions
 g - a potion of resistance {unknown}
 h - 3 potions of curing {unknown}
 j - a potion of flight {unknown}
 l - a potion of lignification {unknown}
 m - a potion of haste
Comestibles
 f - 6 rations


   Skills:
 + Level 5.5 Fighting
 + Level 6.6 Crossbows
 - Level 1.7 Dodging
 - Level 1.2 Stealth


You had 6 spell levels left.
You didn't know any spells.
Your spell library was empty.

Dungeon Overview and Level Annotations

Branches:
Dungeon (3/15)

Altars:


Innate Abilities, Weirdness & Mutations

You cannot be hasted, slowed, berserked, paralysed or teleported.
You can dig through walls and to a lower floor.
Your four strong arms can wield two-handed weapons with a shield.
You have a pair of large antennae on your head. (SInv)


Message History

The ice beast is severely wounded.
The ice beast hits you. The ice beast freezes you.
Firing (i - inventory. (/) - cycle)
d - 4 bolts (quivered)
Press: ? - help, Shift-Dir - straight line, f/p - ice beast
Aim: an ice beast (severely wounded)
You shoot a bolt. The bolt barely misses the ice beast.
The ice beast hits you. The ice beast freezes you!
You are too injured to fight recklessly!
You are too injured to fight recklessly!
You are too injured to fight recklessly!
Firing (i - inventory. (/) - cycle)
d - 3 bolts (quivered)
Press: ? - help, Shift-Dir - straight line, f/p - ice beast
Aim: an ice beast (severely wounded)
You shoot a bolt. The bolt closely misses the ice beast.
The ice beast hits you. The ice beast freezes you.
* * * LOW HITPOINT WARNING * * *
The ice beast hits you.
* * * LOW HITPOINT WARNING * * *
The ice beast freezes you!
You die...

.......# ...[..# #.....# #.
.....# #. #..[### ### #.
#.###.###.## #. #.##...#...##
#.##Y#..#.#.#..#
######.#@.#..#.#.#..#
..........#..#####..#
#.#.#######.####..#.#..####
#.#.# #..##..##.....##..##
##.#.#####.##....##...##....##
..#.#.....#......#...#......#
#.#.#....##..##..##.##..##..#
#........#..####..#.#..####..
#...........#(.#..#.#..#..#..


You could see an ice beast.

Vanquished Creatures
  A water moccasin (D:6)
  A centaur (D:6)
  A scorpion (D:6)
  A hound (D:6)
  A centaur zombie (D:6)
  3 gnolls (D:6)
  4 adders
  An adder zombie (D:6)
  A worm (D:2)
  4 dart slugs
  6 bats
  2 giant cockroaches
  6 goblins
  3 hobgoblins
  8 jackals
  7 kobolds
  A quokka (D:3)
  4 frilled lizards
  A quokka skeleton (D:6)
  7 rats
63 creatures vanquished.

Notes
Turn   | Place    | Note
-------+----------+-------------------------------------------
     0 | D:1      | mopl the Formicid Hunter began the quest for the Orb.
     0 | D:1      | Reached XP level 1. HP: 16/16 MP: 1/1
   121 | D:1      | Reached XP level 2. HP: 16/22 MP: 2/2
   609 | D:1      | Reached XP level 3. HP: 26/28 MP: 3/3
  1698 | D:2      | Reached skill level 3 in Fighting
  1698 | D:2      | Reached skill level 5 in Crossbows
  1698 | D:2      | Reached XP level 4. HP: 29/35 MP: 4/4
  2570 | D:3      | Noticed an ogre
  2633 | D:3      | You fall through a shaft for 3 floors!
  2646 | D:6      | Reached XP level 5. HP: 28/41 MP: 5/5
  2981 | D:6      | Reached skill level 4 in Fighting
  3019 | D:6      | Reached XP level 6. HP: 49/49 MP: 6/6
  3032 | D:6      | Reached skill level 6 in Crossbows
  3039 | D:6      | Reached skill level 5 in Fighting
  3047 | D:6      | Noticed a water moccasin
  3063 | D:6      | Killed a water moccasin
  3063 | D:6      | Reached XP level 7. HP: 20/56 MP: 7/7
  3550 | D:6      | Slain by an ice beast

Levels and vault maps discovered:
D:1:      minmay_arrival_stair_chambers, layout_rooms, lemuel_another_geyser
D:2:      minmay_evil_eye, layout_basic
D:3:      layout_basic, chequers_ecumenical_altar_grove, tso_altar
D:6:      layout_basic, hangedman_decor_lopped, kennysheep_cluttered_room,
          minmay_puff

Skill      XL: |  1  2  3  4  5  6 |
---------------+-------------------+-----
Fighting       | 3 4 5 |  5.5
Crossbows      | 5 6 |  6.6
Dodging        | |  1.7
Stealth        | |  1.2

Action                   |  1- 3 |  4- 6 |  7- 9 || total
-------------------------+-------+-------+-------++-------
Melee: Short sword       |   193 |   142 |       ||   335
 Fire: Hand crossbow     |       |    29 |    14 ||    43
 Abil: Dig               |     2 |     1 |       ||     3
       Shaft Self        |       |     1 |       ||     1
Evoke: Wand              |       |     1 |       ||     1
  Use: Scroll            |     4 |       |       ||     4
  Eat: Chunk             |     3 |     5 |     1 ||     9
Armor: Leather armour    |     3 |       |       ||     3
       Ring mail         |    92 |    70 |     6 ||   168
Dodge: Dodged            |   161 |   123 |     6 ||   290

Table legend:
 A = Non-vault XP
 B = Vault XP
 C = Vault XP percentage of total XP
 D = Non-vault monster count
 E = Vault monster count
 F = Vault count percentage of total count
                 A         B        C        D         E       F
            +---------+---------+-------+---------+---------+-------
      Total |     538 |      88 |  14.1 |      56 |       7 |  11.1
            +---------+---------+-------+---------+---------+-------
        D:1 |      38 |       0 |   0.0 |      22 |       0 |   0.0
        D:2 |      58 |       8 |  12.1 |      16 |       5 |  23.8
        D:3 |      25 |       0 |   0.0 |       8 |       0 |   0.0
        D:6 |     417 |      80 |  16.1 |      10 |       2 |  16.7
            +---------+---------+-------+---------+---------+-------
